 Dungeon Crawl Stone Soup version 0.32-a0-909-gc671339a80 (webtiles) character file.

Game seed: 17124678924527820070

526105 Autsider the Metallomancer (level 25, -2/144 HPs)
             Began as a Gargoyle Earth Elementalist on Apr 6, 2024.
             Was the Champion of Vehumet.
             Slain by a spark wasp (5 damage)
             ... on level 15 of the Dungeon.
             The game lasted 05:19:51 (56647 turns).

Autsider the Metallomancer (GrEE)                  Turns: 56647, Time: 05:19:52

Health: -2/144     AC: 37    Str: 15    XL:     25   Next: 46%
Magic:  41/41      EV: 13    Int: 32    God:    Vehumet [******]
Gold:   1713       SH: 15    Dex: 16    Spells: 2/52 levels left

rFire   + + +        H - staff of earth
rCold   + + +        N - +2 shield of Resistance {rF++ rC++ Will++}
rNeg    + + +        F - +3 ring mail of Vathu {rN+++ Str+4 Int-3}
rPois   ∞            S - +2 helmet {Int+3}
rElec   +            O - +2 cloak {Will+}
rCorr   .            h - +0 pair of gloves of the Cartwright {rF+}
SInv    .            (no boots)
Will    ++++.        A - amulet of Quuh Dot {rPois rC+ RegenMP+}
Stlth   ++           o - ring "Ipiyseoq" {Int+3 Dex+6}
HPRegen 0.44/turn    R - ring of wizardry
MPRegen 0.67/turn

%: wizardry (x1)
@: liquefying, flying, studying Unarmed Combat, slowed movement, very slow
A: sickness immunity, AC +19, big wings, negative energy resistance 1,
electricity resistance, torment resistance 1, petrification resistance, frail 1
}: 3/15 runes: decaying, serpentine, silver
a: Renounce Religion


You were on level 15 of the Dungeon.
You worshipped Vehumet.
Vehumet was exalted by your worship.
You visited 10 branches of the dungeon, and saw 41 of its levels.
You also visited: Bailey, Gauntlet and Ice Cave.

You collected 7940 gold pieces.
You spent 6227 gold pieces at shops.

Inventory:

Hand Weapons
 x - the +5 mace of the Heavens {drain, +Blink rPois rN+ Str-4}
   (You bought it in a shop on level 2 of the Orcish Mines)

   Str-4:     It affects your strength (-4).
   rPois:     It protects you from poison.
   rN+:       It protects you from negative energy.
   +Blink:    It lets you blink.
 y - a +9 demon whip of electrocution
 X - the +6 Majin-Bo {spellvamp, MP+6 Int+6}
   (You found it on level 5 of the Lair of Beasts)

   Int+6:     It affects your intelligence (+6).
   MP+6:      It affects your magic capacity (+6).
Armour
 h - the +0 pair of gloves of the Cartwright (worn) {rF+}
   (You bought it in a shop on level 1 of the Vaults)

   rF+:       It protects you from fire.
 w - the +1 helmet of Okasokhlu {rC++ Str-3 Int+5}
   (You found it on level 2 of the Vaults)

   Str-3:     It affects your strength (-3).
   Int+5:     It affects your intelligence (+5).
   rC++:      It greatly protects you from cold.
 F - the +3 ring mail of Vathu (worn) {rN+++ Str+4 Int-3}
   (You found it on level 4 of the Dungeon)

   Str+4:     It affects your strength (+4).
   Int-3:     It affects your intelligence (-3).
   rN+++:     It renders you almost immune to negative energy.
 N - the +2 shield of Resistance (worn) {rF++ rC++ Will++}
   (You bought it in a shop on level 4 of the Snake Pit)

   rF++:      It greatly protects you from fire.
   rC++:      It greatly protects you from cold.
   Will++:    It greatly increases your willpower.
 O - a +2 cloak of willpower (worn)
 S - a +2 helmet of intelligence (worn)
 U - a +2 pair of gloves
Magical Staves
 q - the staff of Paper {^Contam *Corrode rPois rF++ Summ Alchemy}
   (You found it on level 5 of the Vaults)

   [staff of alchemy]

   Base accuracy: +5 Base damage: 5 Base attack delay: 1.2 This weapon's minimum
   attack delay (0.6) is reached at skill level 12.
   rF++:      It greatly protects you from fire.
   rPois:     It protects you from poison.
   ^Contam:   It causes magical contamination when unequipped.
   *Corrode:  It may corrode you when you take damage.
   Summ:      It increases the power of your Summonings spells.
   Alchemy:   It increases the power of your Alchemy spells.
   It falls into the 'Staves' category.
   It is a one-handed weapon.
 H - a staff of earth (weapon)
Jewellery
 l - the ring of Cevif {rPois rF++ rC+}
   (You found it in a Gauntlet)

   [ring of poison resistance]

   rF++:      It greatly protects you from fire.
   rC+:       It protects you from cold.
   rPois:     It protects you from poison.
 o - the ring "Ipiyseoq" (left hand) {Int+3 Dex+6}
   (You found it on level 2 of the Dungeon)

   [ring of dexterity]

   Int+3:     It affects your intelligence (+3).
   Dex+6:     It affects your dexterity (+6).
 A - the amulet of Quuh Dot (around neck) {rPois rC+ RegenMP+}
   (You took it off a deep elf demonologist on level 3 of the Elven Halls)

   [amulet of magic regeneration]

   It increases your rate of magic regeneration.
   rC+:       It protects you from cold.
   rPois:     It protects you from poison.
   RegenMP+:  It increases your rate of magic regeneration.
 I - the amulet "Omiuver" {rC+ Regen+ rCorr Str+2 Int+4}
   (You found it on level 3 of the Elven Halls)

   [amulet of regeneration]

   Str+2:     It affects your strength (+2).
   Int+4:     It affects your intelligence (+4).
   rC+:       It protects you from cold.
   Regen+:    It increases your rate of health regeneration.
   rCorr:     It protects you from acid and corrosion.
 J - the ring of Xom's Full Attention {rF+ Will+ MP+9}
   (You took it off an ironbound preserver on level 5 of the Vaults)

   [ring of magical power]

   rF+:       It protects you from fire.
   Will+:     It increases your willpower.
   MP+9:      It affects your magic capacity (+9).
 R - a ring of wizardry (right hand)
Wands
 b - a wand of charming (6)
 f - a wand of mindburst (30)
 g - a wand of light (42)
 M - a wand of polymorph (42)
 T - a wand of warping (35)
 Y - a wand of digging (17)
Scrolls
 j - 4 scrolls of enchant armour
 n - 9 scrolls of teleportation {@r2}
 p - 5 scrolls of immolation
 t - 10 scrolls of vulnerability
 z - 8 scrolls of fear
 E - 8 scrolls of blinking
 G - 14 scrolls of enchant weapon
 V - 5 scrolls of revelation
 Z - 9 scrolls of fog
Potions
 a - 3 potions of cancellation
 c - 8 potions of brilliance
 d - 8 potions of might
 e - 7 potions of enlightenment
 i - 4 potions of haste
 k - 3 potions of berserk rage
 r - 5 potions of lignification
 s - 2 potions of invisibility
 v - 7 potions of curing {@q1}
 B - 5 potions of heal wounds {@q2}
 C - 2 potions of resistance
 D - 3 potions of magic
Miscellaneous
 u - a lightning rod (4/4)
 K - a sack of spiders
 L - a tin of tremorstones (2/2)
 Q - a phantom mirror


   Skills:
 + Level 17.4 Fighting
 - Level 10.6 Staves
 - Level 10.0 Armour
 - Level 9.0 Dodging
 - Level 4.0 Stealth
 - Level 14.0 Shields
 - Level 14.0 Spellcasting
 + Level 19.2 Conjurations
 * Level 15.9 Summonings
 - Level 4.4 Necromancy
 * Level 6.8 Translocations
 - Level 4.0 Air Magic
 + Level 21.2 Earth Magic
 - Level 4.0 Alchemy
 - Level 5.0 Evocations


You had 2 spell levels left.
You knew the following spells:

 Your Spells              Type           Power      Damage    Failure   Level
a - Sandblast             Erth           100%       2d20      0%          1
b - Freezing Cloud        Conj/Ice/Air   32%        6-21      1%          5
c - Bombard               Conj/Erth      61%        9d10      1%          6
d - Lee's Rapid Deconstr  Erth           63%        3d29*     0%          5
e - Leda's Liquefaction   Alch/Erth      50%        N/A       1%          4
f - Spellforged Servitor  Conj/Summ      47%        N/A       1%          7
g - Lehudib's Crystal Sp  Conj/Erth      61%        10d14     1%          8
w - Borgnjor's Vile Clut  Necr/Erth      51%        N/A       1%          5
z - Shatter               Erth           63%        3d47*     11%         9

Your spell library contained the following spells:

 Spells                   Type           Power      Damage    Failure   Level
 Maxwell's Capacitive Co  Air            24%        ∞         99%         8
 Summon Small Mammal      Summ           100%       N/A       0%          1
 Call Imp                 Summ           100%       N/A       0%          2
 Apportation              Tloc           100%       N/A       1%          1
 Kiss of Death            Conj/Necr      100%       2d13      1%          1
 Necrotise                Necr           100%       1d9       1%          1
 Shock                    Conj/Air       100%       1d9       1%          1
 Sting                    Conj/Alch      100%       1d9       1%          1
 Lesser Beckoning         Tloc           100%       N/A       1%          2
 Mercury Vapours          Alch/Air       96%        N/A       1%          2
 Scorch                   Fire           44%        2d6       1%          2
 Slow                     Hex            88%        N/A       2%          1
 Ensorcelled Hibernation  Hex/Ice        44%        N/A       4%          2
 Passwall                 Erth           100%       N/A       0%          3
 Stone Arrow              Conj/Erth      100%       3d13      0%          3
 Brom's Barrelling Bould  Conj/Erth      100%       2d11      0%          4
 Call Canine Familiar     Summ           90%        N/A       1%          3
 Hailstorm                Conj/Ice       71%        3d12      1%          3
 Maxwell's Portable Pile  Tloc           60%        2d(11-31) 1%          3
 Mephitic Cloud           Conj/Alch/Air  69%        N/A       1%          3
 Summon Ice Beast         Ice/Summ       65%        N/A       1%          3
 Swiftness                Air            48%        N/A       1%          3
 Teleport Other           Tloc           60%        N/A       1%          3
 Vampiric Draining        Necr           50%        2d9       1%          3
 Volatile Blastmotes      Fire/Tloc      88%        2d17      1%          3
 Airstrike                Air            24%        2d(4-20)  1%          4
 Animate Armour           Summ/Erth      100%       N/A       1%          4
 Flame Wave               Conj/Fire      71%        2d16      1%          4
 Martyr's Knell           Necr/Summ      73%        N/A       1%          4
 Olgreb's Toxic Radiance  Alch           48%        N/A       1%          4
 Passage of Golubria      Tloc           60%        N/A       1%          4
 Petrify                  Alch/Erth      100%       N/A       1%          4
 Summon Blazeheart Golem  Fire/Summ      65%        N/A       1%          4
 Summon Lightning Spire   Summ/Air       72%        N/A       1%          4
 Arcjolt                  Conj/Air       38%        1d48      1%          5
 Irradiate                Conj/Alch      38%        3d24      1%          5
 Iskenderun's Battlesphe  Conj           98%        2d14      1%          5
 Summon Forest            Summ/Tloc      38%        N/A       1%          5
 Conjure Ball Lightning   Conj/Air       38%        3x3d12    1%          6
 Permafrost Eruption      Ice/Erth       47%        2x4d11    1%          6
 Summon Cactus Giant      Summ           45%        N/A       1%          6
 Frozen Ramparts          Ice            44%        1d7       2%          3
 Inner Flame              Hex/Fire       22%        N/A       2%          3
 Vhi's Electric Charge    Tloc/Air       100%       N/A       2%          4
 Summon Mana Viper        Hex/Summ       65%        N/A       2%          5
 Ignite Poison            Fire/Alch      35%        N/A       3%          4
 Sticky Flame             Fire/Alch      35%        2d7       3%          4
 Summon Hydra             Summ           45%        N/A       3%          7
 Animate Dead             Necr           50%        N/A       4%          4
 Dispel Undead            Necr           50%        3d19      4%          4
 Confusing Touch          Hex            22%        N/A       8%          3
 Ozocubu's Armour         Ice            22%        N/A       8%          3
 Tukima's Dance           Hex            22%        N/A       8%          3
 Yara's Violent Unravell  Hex/Alch       17%        3d8       8%          5
 Curse of Agony           Necr           50%        N/A       12%         5
 Eringya's Noxious Bog    Alch           24%        4d6       17%         6
 Silence                  Hex/Air        17%        N/A       30%         5
 Haunt                    Necr/Summ      36%        N/A       32%         7
 Death Channel            Necr           25%        N/A       52%         6
 Metabolic Englaciation   Hex/Ice        11%        N/A       54%         5
 Sculpt Simulacrum        Ice/Alch       17%        N/A       83%         6
 Ozocubu's Refrigeration  Ice            11%        4d9       97%         7
 Chain Lightning          Conj/Air       38%        3d51      97%         9
 Fire Storm               Conj/Fire      35%        8d9       99%         9
 Polar Vortex             Ice            11%        12d1*     99%         9
 Borgnjor's Revivificati  Necr           25%        N/A       100%        8
 Infestation              Necr           25%        N/A       100%        8
 Death's Door             Necr           25%        N/A       100%        9
 Cigotuvi's Dreadful Rot  Necr/Alch/Air  Unusable   N/A       N/A         2
 Sublimation of Blood     Necr           Unusable   N/A       N/A         2

Dungeon Overview and Level Annotations

Branches:
Dungeon (15/15)            Temple (1/1) D:5            Lair (5/5) D:10
  Swamp (4/4) Lair:3        Snake (4/4) Lair:3        Slime (0/5) Lair:4
    Orc (2/2) D:9             Elf (3/3) Orc:2        Vaults (5/5) D:14
  Crypt (1/3) Vaults:2     Depths (1/4) D:15         Bailey (visited)
  IceCv (visited)         Gauntlet (visited)

Altars:
Ashenzari
Cheibriados
Dithmenos
Elyvilon
Fedhas
Gozag
Hepliaklqana
Kikubaaqudgha
Makhleb
Nemelex Xobeh
Okawaru
Qazlal
Ru
Sif Muna
Trog
Uskayaw
Vehumet
Wu Jian
Xom
Yredelemnul
Zin
The Shining One
Beogh
Jiyva

Shops:
Orc:1 *   Orc:2 *([[   Elf:2 =:*([   Elf:3 !*[?   Snake:1 :=:   Snake:2 *
Snake:4 [(([   Vaults:1 *[   Vaults:4 [   Vaults:5 ?

Annotations:
D:10 Digging needed
D:11 Digging for real


Innate Abilities, Weirdness & Mutations

You are immune to sickness and miasma.
Your stone body is resilient. (AC +19)
You are immune to poison.
Your large and strong wings let you fly.
You resist negative energy. (rN+)
You are resistant to electric shocks. (rElec)
You are resistant to unholy torment.
You are immune to petrification.
You are frail. (-10% HP)


Message History

The ground beneath the spark wasp fractures.
The spark wasp is lightly wounded.
The spark wasp barely misses you.
You hit the spark wasp but do no damage.
The ground beneath the spark wasp fractures!
The spark wasp is moderately wounded.
The spark wasp stings you but does no damage.
The green very ugly thing kicks your spellforged servitor.
You barely miss the spark wasp.
The spark wasp is moderately wounded.
The spark wasp stings you!!
* * * LOW HITPOINT WARNING * * *
The spark wasp shocks you. You resist.
* * * LOW HITPOINT WARNING * * *
Your spellforged servitor gestures at the green very ugly thing while chanting.
The crystal spear misses the green very ugly thing.
The green very ugly thing closely misses your spellforged servitor.
You miss the spark wasp.
The spark wasp is moderately wounded.
The spark wasp stings you but does no damage.
The green very ugly thing kicks your spellforged servitor!
You hit the spark wasp but do no damage.
The ground beneath the spark wasp fractures.
The spark wasp is moderately wounded.
The spark wasp stings you but does no damage.
Your spellforged servitor gestures at the green very ugly thing while chanting.
The crystal spear hits the green very ugly thing!!!
The green very ugly thing dies!
Vehumet accepts your kill.
You hit the spark wasp but do no damage.
The ground beneath the spark wasp fractures.
The spark wasp is moderately wounded.
The spark wasp stings you but does no damage.
You hit the spark wasp but do no damage.
The ground beneath the spark wasp fractures!
The spark wasp is heavily wounded.
The spark wasp stings you.
* * * LOW HITPOINT WARNING * * *
The spark wasp shocks you. You resist.
You die...

#.......#####)##.#...####........
........# ##.......## ##......<
#.#.##..# ##..ß....ß.## ##.....#
#.#.##..###...ß.......## ##...##
#.#..#..##..ßP..ß......# ##+##
#.##.#..##....ß.[.....ß# #.#
#.##.#..##...P9...P...P# #.###
#.##.#...#..ß..†.y.....## ##....
.............ß..@)...ß..####...##
####.#####........ß............#
.....# #.ß.........ßP#####...##
###### #..P...ß......# ##.... #
#.ß.P....P....# #.### #
##.ß...P..P..## #.# #
##......Pß.## #.# #####.##### #.#
#.# #.#


You could see a spark wasp (ally target) and a friendly spellforged servitor
(summoned).

Vanquished Creatures
  Frederick (Vaults:5)
  A dread lich (Vaults:5)
  Boris (twice) (Vaults:2 Crypt:1)
  the Lernaean hydra (Swamp:4)
  The ghost of Gith the Severer, a veteran MeFi of Okawaru (Crypt:1)
  Saint Roka (Elf:3)
  The ghost of Yzeiphu the Earth Mage, an adept OpEE of Vehumet (Crypt:1)
  Norris (Elf:3)
  A tentacled monstrosity (Vaults:5)
  Zenata (Elf:3)
  The ghost of Datograv the Stickfighter, an adept NaAE of Ru (Crypt:1)
  The ghost of Xecaleth the Tortoise, an adept GrFi of Makhleb (Crypt:1)
  2 deep elf blademasters
  4 titans (Vaults:5)
  The ghost of Subbak the Hand of Fortune, an adept DsMo of Nemelex Xobeh (Vaults:2)
  3 deep elf master archers (Elf:3)
  2 sphinxes
  An ancient champion (Crypt:1)
  4 tengu reavers (Vaults:5)
  3 revenants (Crypt:1)
  3 storm dragons
  An azure jelly (IceCv)
  A nagaraja (Snake:4)
  4 deep elf sorcerers
  2 fire giants
  5 deep elf elementalists (Elf:3)
  10 vault wardens
  A curse skull (Crypt:1)
  A formless jellyfish (Vaults:4)
  11 ironbound preservers
  A vampire knight (Crypt:1)
  A quicksilver ooze (IceCv)
  A very ugly thing (D:15)
  4 stone giants
  7 ironbound thunderhulks
  4 deep elf demonologists
  4 deep elf death magi
  A dire elephant (Lair:5)
  7 deep elf annihilators
  A minotaur (Gauntlet)
  4 war gargoyles
  A bunyip (Swamp:1)
  An eidolon (Crypt:1)
  3 ettins
  A fire dragon (Lair:5)
  5 jiangshi (Crypt:1)
  23 vault guards
  10 yaktaur captains
  7 deep elf high priests
  17 hydras
  16 centaur warriors
  2 peacekeepers (Vaults:3)
  4 great orbs of eyes
  3 salamander tyrants (Snake:4)
  10 ironbound frosthearts
  5 ogre magi
  A spriggan air mage (Depths:1)
  11 alligators
  23 dancing weapons
  A death scarab (Gauntlet)
  4 anacondas
  A death knight (Crypt:1)
  3 boulder beetles
  9 death yaks (Lair:5)
  10 two-headed ogres
  A tengu warrior (D:13)
  5 vampire magi (Crypt:1)
  2 torpor snails (shapeshifter)
  A sphinx skeleton (D:15)
  3 orc high priests
  Urug (Lair:4)
  4 shock serpents
  3 naga warriors
  2 thrashing horrors (Gauntlet)
  A nameless horror (Orc:2)
  13 deep elf knights
  4 naga sharpshooters
  4 spriggans
  2 hell knights (Vaults:5)
  Sonja (D:12)
  5 skysharks
  17 skeletal warriors
  A shadow wraith (Crypt:1)
  2 spark wasp zombies (D:15)
  A naga ritualist (Snake:1)
  2 bog bodies
  3 mana vipers (Snake:1)
  43 deep trolls
  15 deep elf archers
  A death drake (Swamp:3)
  10 swamp dragons
  3 flayed ghosts
  2 spriggan druids
  6 thermic dynamos
  8 phantasmal warriors
  The ghost of Autsider the Chopper, a novice MDCA of Ignis (D:7)
  A harpy (shapeshifter) (Elf:2)
  20 deep elf pyromancers
  4 necromancers
  3 harpies (Vaults:4)
  6 arcanists
  21 deep elf zephyrmancers
  8 lindwurms
  11 ironbound convokers
  2 wolf spiders (Lair:5)
  12 orc knights
  19 ugly things
  3 salamanders (Snake:2)
  An iron dragon zombie (Crypt:1)
  6 manticores
  4 orc sorcerers
  A will-o-the-wisp (Swamp:3)
  Joseph (D:7)
  3 cyclopes
  24 elephants
  22 black mambas
  3 naga magi
  2 torpor snails
  3 guardian serpents (Snake:4)
  3 kobold blastminers
  2 unseen horrors
  9 vault sentinels
  A water nymph (shapeshifter) (Elf:3)
  15 cane toads
  2 ice statues (IceCv)
  A storm dragon simulacrum (Vaults:5)
  2 kobold demonologists (D:13)
  13 yaktaurs
  3 rime drakes (Lair:5)
  11 komodo dragons
  Psyche (D:8)
  An efreet (D:11)
  A yellow draconian skeleton (Crypt:1)
  8 polar bears
  6 trolls
  9 tyrant leeches
  2 bloated husks
  7 hornets
  A glass eye (shapeshifter) (Vaults:5)
  A raiju (shapeshifter) (D:13)
  Grinder (D:6)
  8 blink frogs
  8 dream sheep
  6 air elementals
  36 slime creatures
  A centaur simulacrum (D:11)
  Sigmund (D:5)
  62 yaks
  2 water elementals
  3 vampires
  5 wraiths
  A fire elemental (Elf:2)
  4 basilisks
  A spectral komodo dragon (Gauntlet)
  A wind drake zombie (Crypt:1)
  4 wyverns
  3 wargs (Orc:2)
  4 steam dragons
  A swamp worm (shapeshifter) (Vaults:5)
  Menkaure (D:4)
  A glowing shapeshifter zombie (Vaults:3)
  9 vampire mosquitoes
  8 nagas
  11 swamp worms
  4 acid dragons (Lair:5)
  A glowing shapeshifter skeleton (Vaults:3)
  4 great orb of eyes simulacra (IceCv)
  13 water moccasins
  3 black bears
  31 orc warriors
  8 swamp drakes
  3 ice beasts
  2 laughing skulls (D:14)
  8 ogres
  9 boggarts
  18 wolves
  15 centaurs
  2 phantoms (D:5)
  2 slime creature simulacra (IceCv)
  2 kobold brigands
  Blork the orc (D:4)
  A komodo dragon zombie (Crypt:1)
  11 bullfrogs
  A glowing shapeshifter simulacrum (IceCv)
  A gnoll sergeant (D:8)
  3 scorpions
  An earth elemental (Elf:3)
  2 small abominations (Gauntlet)
  8 wights
  7 killer bees
  The ghost of MirrMurr the Grasshopper, a weakling GnWr (D:3)
  3 electric eels
  5 howler monkeys
  A bombardier beetle (D:6)
  4 hounds
  20 orc priests
  5 jellies
  Crazy Yiuf (D:5)
  3 gnoll boudas
  A sleepcap (D:5)
  Jessica (D:2)
  Ijyb (D:5)
  6 iguanas
  16 orc wizards
  5 hell rats (Lair:3)
  7 shapeshifter simulacra (IceCv)
  An acid dragon zombie (Crypt:1)
  A crocodile skeleton (Crypt:1)
  24 gnolls
  A steam dragon zombie (Crypt:1)
  5 adders
  A shadow imp (D:6)
  2 white imps
  5 ufetubi
  A jelly zombie (Crypt:1)
  3 ribbon worms
  3 dart slugs
  105 orcs
  5 ball pythons
  6 bats
  13 endoplasms
  5 giant cockroaches
  10 goblins
  8 hobgoblins
  12 jackals
  20 kobolds
  3 quokkas
  8 frilled lizards
  A quokka zombie (Crypt:1)
  12 rats
1402 creatures vanquished.

Vanquished Creatures (collateral kills)
  Mara (Elf:3)
  The ghost of Gith the Severer, a veteran MeFi of Okawaru (Crypt:1)
  Vashnia (Snake:3)
  A bone dragon (Vaults:2)
  The ghost of Echoppoj the Eclecticist, a veteran VSSu of Ashenzari (Crypt:1)
  2 titans (Vaults:5)
  The ghost of Laziaso the Tortoise, an adept GrFi of Makhleb (Crypt:1)
  The ghost of Dassydak the Tortoise, an adept GrFi of Makhleb (Crypt:1)
  A tentacled monstrosity (Vaults:5)
  A quicksilver dragon (Snake:4)
  The ghost of Zonian the Severer, an adept HOFi of Beogh (Snake:1)
  A deep elf blademaster (Elf:3)
  3 shadow dragons (Vaults:5)
  Frances (D:14)
  A storm dragon (Vaults:5)
  Donald (Snake:1)
  Aizul (Snake:1)
  2 nagarajas (Snake:4)
  6 vault wardens
  2 frost giants (Vaults:5)
  A deep elf sorcerer (Elf:3)
  Louise (D:14)
  4 orc warlords
  9 slime creatures
  2 stone giants (Vaults:5)
  An ironbound thunderhulk (Vaults:1)
  3 very ugly things
  9 ironbound preservers
  2 eleionomae
  A deep elf demonologist (Vaults:5)
  A dire elephant (Vaults:1)
  A spark wasp (Depths:1)
  A war gargoyle (Vaults:5)
  A bunyip (Swamp:2)
  A jiangshi (Crypt:1)
  A great orb of eyes (Vaults:4)
  3 yaktaur captains
  18 vault guards
  An entropy weaver (Vaults:2)
  A rakshasa (Depths:1)
  An ice dragon (Depths:1)
  An ironbound frostheart (Vaults:4)
  The ghost of Jiawno the Marksgoblin, a journeyman CoHu of Hepliaklqana (D:14)
  3 hydras
  11 anacondas
  3 centaur warriors
  A salamander tyrant (Snake:4)
  A ghost crab (Swamp:3)
  3 alligators
  2 ogre magi (Vaults:1)
  A sphinx skeleton (Crypt:1)
  7 two-headed ogres
  4 dancing weapons
  5 naga sharpshooters
  5 naga warriors
  9 shock serpents
  A deep elf knight (Elf:2)
  2 hell knights (Vaults:5)
  A salamander mystic (Snake:3)
  2 spriggan druids (Swamp:1)
  4 deep elf archers
  2 arcanists
  14 deep trolls
  A flayed ghost (D:11)
  A goliath frog (Swamp:1)
  2 naga ritualists
  A bog body (Swamp:2)
  A mana viper (Snake:1)
  A tengu zombie (Vaults:3)
  6 orc knights
  4 swamp dragons (Swamp:4)
  A phantasmal warrior (Crypt:1)
  An obsidian bat (Orc:2)
  7 ironbound convokers
  4 deep elf pyromancers
  2 harpies (Vaults:4)
  9 deep elf zephyrmancers
  2 necromancers (Vaults:5)
  10 ugly things
  A human zombie (Vaults:3)
  2 will-o-the-wisps
  9 salamanders
  A manticore (D:15)
  12 black mambas
  5 guardian serpents
  9 naga magi
  8 vault sentinels
  7 yaktaurs
  A freezing wraith (Vaults:5)
  3 trolls
  A bloated husk (Swamp:2)
  2 tyrant leeches (Swamp:1)
  3 hornets
  A shadow dragon simulacrum (Vaults:5)
  A water elemental (Elf:3)
  5 spriggans
  2 wraiths (Crypt:1)
  2 nameless horrors
  A jumping spider (shapeshifter) (Vaults:5)
  4 wargs
  6 vampire mosquitoes (Swamp:1)
  16 nagas
  A glowing shapeshifter zombie (Vaults:5)
  3 swamp worms
  A swamp drake (Swamp:4)
  17 orc warriors
  An ogre (Orc:1)
  A laughing skull (D:11)
  An earth elemental (Elf:2)
  4 orc priests
  2 orc wizards
  18 orcs
380 creatures vanquished.

Vanquished Creatures (others)
  A swamp dragon (Swamp:3)
  A bloated husk (Swamp:1)
  A bullfrog (Lair:1)
  4 foxfires (Swamp:3)
7 creatures vanquished.

Grand Total: 1789 creatures vanquished

Notes
Turn   | Place    | Note
-------+----------+-------------------------------------------
     0 | D:1      | Autsider the Gargoyle Earth Elementalist began the quest
                  | for the Orb.
     0 | D:1      | Reached XP level 1. HP: 10/10 MP: 3/3
   206 | D:1      | Reached XP level 2. HP: 14/16 MP: 3/5
   217 | D:1      | Reached skill level 4 in Earth Magic
   483 | D:1      | Reached skill level 1 in Fighting
   548 | D:1      | Reached XP level 3. HP: 20/20 MP: 4/6
   630 | D:1      | Learned a level 3 spell: Stone Arrow
  1418 | D:2      | Identified the ring "Ipiyseoq" {Int+3 Dex+6}
  1520 | D:2      | Reached XP level 4. HP: 25/25 MP: 4/7
  1698 | D:2      | Found a faded altar of an unknown god.
  1996 | D:2      | Noticed Jessica
  1997 | D:2      | Killed Jessica
  2025 | D:2      | Identified the +1 falchion "Ferhosh" {freeze, Str+3}
  2271 | D:3      | Reached skill level 5 in Earth Magic
  2279 | D:3      | Reached XP level 5. HP: 30/30 MP: 2/8
  2375 | D:3      | Found a large runed translucent door.
  2375 | D:3      | Found a large runed translucent door.
  2380 | D:3      | Noticed MirrMurr's ghost (weakling GnWr)
  2388 | D:3      | Killed MirrMurr's ghost
  3053 | D:4      | Reached XP level 6. HP: 36/36 MP: 6/10
  3138 | D:4      | Noticed Menkaure
  3143 | D:4      | Killed Menkaure
  3144 | D:4      | Reached skill level 6 in Earth Magic
  3316 | D:4      | Noticed Blork the orc
  3322 | D:4      | Reached XP level 7. HP: 36/41 MP: 5/12
  3326 | D:4      | Killed Blork the orc
  3487 | D:4      | Found a shimmering blue altar of Sif Muna.
  3500 | D:4      | Identified the +3 ring mail of Vathu {rN+++ Str+4 Int-3}
  3887 | D:4      | Found a hide-covered altar of Uskayaw.
  4128 | D:5      | Entered Level 5 of the Dungeon
  4241 | D:5      | Reached skill level 7 in Earth Magic
  4373 | D:5      | Reached XP level 8. HP: 48/48 MP: 6/14
  4513 | D:5      | Noticed Ijyb
  4520 | D:5      | Killed Ijyb
  4646 | D:5      | Reached skill level 8 in Earth Magic
  4663 | D:5      | Found a staircase to the Ecumenical Temple.
  4703 | Temple   | Entered the Ecumenical Temple
  4723 | Temple   | Became a worshipper of Vehumet
  5007 | D:5      | Noticed Sigmund
  5014 | D:5      | Learned a level 4 spell: Brom's Barrelling Boulder
  5018 | D:5      | Killed Sigmund
  5019 | D:5      | Reached skill level 5 in Fighting
  5019 | D:5      | Reached skill level 9 in Earth Magic
  5205 | D:5      | Found a runed translucent door.
  5206 | D:5      | Noticed Crazy Yiuf
  5380 | D:5      | Killed Crazy Yiuf
  5381 | D:5      | Reached skill level 5 in Spellcasting
  5449 | D:6      | Reached XP level 9. HP: 51/54 MP: 10/16
  5501 | D:6      | Reached skill level 13 in Earth Magic
  5501 | D:6      | Reached XP level 10. HP: 64/64 MP: 16/20
  5502 | D:6      | Reached XP level 11. HP: 71/71 MP: 16/23
  5503 | D:6      | Reached XP level 12. HP: 76/76 MP: 16/24
  5628 | D:6      | Noticed Grinder
  5631 | D:6      | Killed Grinder
  6005 | D:6      | Reached * piety under Vehumet
  6005 | D:6      | Offered knowledge of Freeze by Vehumet.
  6329 | D:7      | Noticed a two-headed ogre
  6346 | D:7      | Killed a two-headed ogre
  6436 | D:7      | Identified the +1 dagger of Sulphur {drain, rN+ Int+4}
  6472 | D:7      | Identified the +1 broad axe of Sloth {freeze, rC+}
  6483 | D:7      | Reached skill level 5 in Shields
  6557 | D:7      | Reached skill level 5 in Armour
  6660 | D:7      | Learned a level 4 spell: Petrify
  6714 | D:7      | Found a white marble altar of Elyvilon.
  6766 | D:7      | Noticed Autsider's ghost (novice MDCA)
  6770 | D:7      | Found a runed translucent gate.
  6770 | D:7      | Found a runed translucent gate.
  6770 | D:7      | Found a runed translucent gate.
  6889 | D:7      | Noticed Joseph
  6901 | D:7      | Killed Joseph
  7047 | D:7      | Noticed a two-headed ogre
  7073 | D:7      | Killed a two-headed ogre
  7365 | D:7      | Reached skill level 10 in Fighting
  7365 | D:7      | Killed Autsider's ghost
  7366 | D:7      | Offered knowledge of Shock by Vehumet.
  7569 | D:8      | Reached ** piety under Vehumet
  7727 | D:8      | Reached skill level 5 in Dodging
  7801 | D:8      | Noticed Psyche
  7843 | D:8      | Killed Psyche
  8191 | D:8      | Found a stormy altar of Qazlal.
  8484 | D:9      | Offered knowledge of Volatile Blastmotes by Vehumet.
  8486 | D:9      | Found a flagged portal.
  8497 | Bailey   | Entered a bailey
  8718 | Bailey   | Reached *** piety under Vehumet
  8833 | Bailey   | Reached XP level 13. HP: 82/82 MP: 25/25
  9011 | Bailey   | Gained mutation: Your large and strong wings let you fly.
                  | [Gargoyle growth]
  9011 | Bailey   | Reached XP level 14. HP: 79/88 MP: 3/26
  9392 | D:9      | Offered knowledge of Dazzling Flash by Vehumet.
  9529 | D:9      | Found a staircase to the Orcish Mines.
 10127 | D:10     | Entered Level 10 of the Dungeon
 10159 | D:10     | Found a staircase to the Lair.
 10289 | D:10     | Reached skill level 1 in Translocations
 10420 | D:10     | Found a sparkling altar of Nemelex Xobeh.
 10502 | D:10     | Reached skill level 1 in Alchemy
 10715 | D:10     | Reached **** piety under Vehumet
 10955 | D:10     | Learned a level 4 spell: Leda's Liquefaction
 10962 | D:10     | Found a sacrificial altar of Ru.
 10965 | D:10     | Offered knowledge of Arcjolt by Vehumet.
 10972 | D:10     | Learned a level 5 spell: Arcjolt
 11567 | D:11     | Found a frozen archway.
 11576 | IceCv    | Entered an ice cave
 11747 | IceCv    | Noticed a quicksilver ooze
 11752 | IceCv    | Killed a quicksilver ooze
 11953 | IceCv    | Got the Codex of the Crushed Seas
 12124 | IceCv    | Reached ***** piety under Vehumet
 12258 | IceCv    | Offered knowledge of Iskenderun's Battlesphere by Vehumet.
 12262 | IceCv    | Found a viscous altar of Jiyva.
 12262 | IceCv    | Noticed an azure jelly
 12289 | IceCv    | Killed an azure jelly
 12423 | IceCv    | Identified the +0 ice dragon scales "Ysiax" {Harm +Blink
                  | rF- rC++ Int+6 SInv}
 12425 | IceCv    | Got the ring "Zenev" {Ice Fly Will- Str+3 Slay+5}
 12435 | IceCv    | Learned a level 6 spell: Bombard
 13466 | D:11     | Reached XP level 15. HP: 92/92 MP: 27/27
 13612 | D:11     | HP: 3/92 [very large slime creature (51)]
 15042 | D:12     | You are sucked into a shaft and drop 2 floors!
 15384 | D:12     | Noticed Sonja
 15389 | D:12     | Killed Sonja
 15649 | D:12     | Reached skill level 10 in Summonings
 15674 | D:12     | Reached skill level 14 in Earth Magic
 15722 | D:13     | Reached skill level 10 in Conjurations
 16139 | D:13     | Reached skill level 10 in Shields
 16341 | D:13     | Reached XP level 16. HP: 64/97 MP: 4/28
 16658 | D:13     | Identified the +6 sling of the Arena {antimagic, rC++ Str+4
                  | Int+4}
 16697 | D:13     | Noticed a storm dragon
 17045 | D:14     | Noticed Frances
 17138 | Lair:1   | Entered Level 1 of the Lair of Beasts
 18277 | Lair:2   | Found a gate leading to a gauntlet.
 18287 | Gauntlet | Entered a Gauntlet
 18287 | Gauntlet | Found a transporter.
 18287 | Gauntlet | Found a transporter.
 18380 | Gauntlet | Found a runed translucent door.
 18382 | Gauntlet | Found a transporter.
 18384 | Gauntlet | Found a runed translucent door.
 18395 | Gauntlet | Found a transporter.
 18413 | Gauntlet | Found a transporter.
 18413 | Gauntlet | Found a transporter.
 18413 | Gauntlet | Found a transporter.
 18416 | Gauntlet | Found a transporter.
 18416 | Gauntlet | Found a transporter.
 18428 | Gauntlet | Found a transporter.
 18446 | Gauntlet | Found a transporter.
 18456 | Gauntlet | Found a transporter.
 18471 | Gauntlet | Found a transporter.
 18491 | Gauntlet | Found a transporter.
 18788 | Gauntlet | Identified the ring of Cevif {rPois rF++ rC+}
 18922 | Gauntlet | Identified the +1 bardiche "Seggim" {venom, +Blink Dex+3}
 19051 | Lair:2   | Offered knowledge of Fulminant Prism by Vehumet.
 19445 | Lair:2   | Identified the +8 chain mail of the Sneaky Tales {rElec rC+
                  | SInv}
 20095 | Lair:3   | Reached skill level 1 in Evocations
 20136 | Lair:3   | Found a staircase to the Snake Pit.
 20687 | Lair:3   | Identified the +3 rapier of Mutilation {flame, Str+4 SInv}
 20701 | Lair:3   | Found a staircase to the Swamp.
 21038 | Lair:4   | Found a staircase to the Slime Pits.
 21041 | Lair:4   | Found a viscous altar of Jiyva.
 21046 | Lair:4   | Reached skill level 1 in Air Magic
 21356 | Lair:4   | Noticed Urug
 21365 | Lair:4   | Killed Urug
 21998 | Lair:5   | Entered Level 5 of the Lair of Beasts
 22006 | Lair:5   | Reached skill level 10 in Armour
 22019 | Lair:5   | Offered knowledge of Conjure Ball Lightning by Vehumet.
 22356 | Lair:5   | Reached XP level 17. HP: 95/102 MP: 20/30
 22694 | Lair:5   | Found the +6 Majin-Bo {spellvamp, MP+6 Int+6}
 22874 | Lair:5   | Reached skill level 1 in Staves
 22875 | Lair:5   | Reached skill level 10 in Spellcasting
 23855 | D:13     | Got Sif Muna's Tome of Unrefined Skeletons
 23867 | D:13     | Learned a level 7 spell: Spellforged Servitor
 23867 | D:13     | Identified the storm talisman "Tupynif" {rF++ Int+2 SInv}
 24354 | D:14     | Noticed Jiawno's ghost (journeyman CoHu)
 24355 | D:14     | Found a runed translucent gate.
 24355 | D:14     | Found the +0 cloak of the Thief {Quiet Slay-3 SInv Stlth+}
 24356 | D:14     | Found a runed translucent gate.
 24356 | D:14     | Found a runed translucent gate.
 24477 | D:14     | Found a gate to the Vaults.
 24512 | D:14     | Reached skill level 5 in Evocations
 24697 | D:14     | Noticed Louise
 24733 | D:14     | Killed Louise
 24883 | D:14     | Killed Frances
 25069 | D:14     | Killed Jiawno's ghost
 25134 | D:15     | Entered Level 15 of the Dungeon
 25234 | D:15     | Reached skill level 5 in Staves
 25608 | D:15     | Found a staircase to the Depths.
 26332 | Orc:1    | Entered Level 1 of the Orcish Mines
 26339 | Orc:1    | Offered knowledge of Lee's Rapid Deconstruction by Vehumet.
 26351 | Orc:1    | Found a roughly hewn altar of Beogh.
 26479 | Orc:1    | Found a transporter.
 26493 | Orc:1    | Found Zaenon's General Store.
 26631 | Orc:1    | Found a roughly hewn altar of Beogh.
 26665 | Orc:1    | Learned a level 5 spell: Lee's Rapid Deconstruction
 26846 | Orc:1    | Found a transporter.
 26914 | Orc:1    | Bought a potion of curing for 39 gold pieces
 26914 | Orc:1    | Bought a potion of curing for 39 gold pieces
 26914 | Orc:1    | Bought a book of Unlife for 468 gold pieces
 27002 | Orc:2    | Entered Level 2 of the Orcish Mines
 27111 | Orc:2    | Found a roughly hewn altar of Beogh.
 27280 | Orc:2    | Found a roughly hewn altar of Beogh.
 27337 | Orc:2    | Offered knowledge of Plasma Beam by Vehumet.
 27338 | Orc:2    | Reached XP level 18. HP: 64/107 MP: 5/32
 27393 | Orc:2    | Reached ****** piety under Vehumet
 27627 | Orc:2    | Found a staircase to the Elven Halls.
 27709 | Orc:2    | Found a roughly hewn altar of Beogh.
 27773 | Orc:2    | Found a roughly hewn altar of Beogh.
 27786 | Orc:2    | Found Fyreph's Antique Armour Shop.
 27974 | Orc:2    | Found a roughly hewn altar of Beogh.
 28184 | Orc:2    | Found Loguu's Antique Armour Boutique.
 28185 | Orc:2    | Found a roughly hewn altar of Beogh.
 28186 | Orc:2    | Found Zomyusm's Antique Weapon Shop.
 28199 | Orc:2    | Bought a bloodstained helmet for 161 gold pieces
 28199 | Orc:2    | Identified the +1 helmet of the Yeti {Str+3} (You bought it
                  | in a shop on level 2 of the Orcish Mines)
 28225 | Orc:2    | Found a roughly hewn altar of Beogh.
 28232 | Orc:2    | Found Cont's Assorted Antiques.
 28443 | Orc:2    | Bought a masterwork mace for 248 gold pieces
 28443 | Orc:2    | Identified the +5 mace of the Heavens {drain, +Blink rPois
                  | rN+ Str-4} (You bought it in a shop on level 2 of the
                  | Orcish Mines)
 28624 | Snake:1  | Entered Level 1 of the Snake Pit
 28624 | Snake:1  | Identified the serpent talisman of the Gate {Int+3}
 28624 | Snake:1  | Noticed Aizul
 28637 | Snake:1  | Killed Aizul
 28652 | Snake:1  | Found a runed translucent door.
 28652 | Snake:1  | Noticed Zonian's ghost (adept HOFi)
 28754 | Snake:1  | Killed Zonian's ghost
 28864 | Snake:1  | Noticed Donald
 28873 | Snake:1  | Killed Donald
 29239 | Snake:1  | Offered knowledge of Orb of Destruction by Vehumet.
 29249 | Snake:1  | Learned a level 8 spell: Lehudib's Crystal Spear
 29502 | Snake:1  | Found Dosagiq's Jewellery Boutique.
 29503 | Snake:1  | Found Maoshro's Book Emporium.
 29503 | Snake:1  | Found Buxulocs's Book Emporium.
 30343 | Snake:2  | Found Ixteti's Assorted Antiques.
 30365 | Snake:2  | Reached skill level 15 in Earth Magic
 30562 | Snake:2  | Identified the +2 ring mail of Wuklin {rC+ Stlth+}
 31065 | Snake:3  | Identified the ring "Bog Tyec" {*Corrode rPois rF+++ Int-2
                  | Dex+3}
 31141 | Snake:3  | Identified the +8 chain mail of Loss {Dex+5}
 31379 | Snake:3  | Noticed Vashnia
 31400 | Snake:3  | Killed Vashnia
 32199 | Snake:3  | Identified a scroll of acquirement
 32199 | Snake:3  | Acquired 804 gold pieces
 32204 | Snake:4  | Entered Level 4 of the Snake Pit
 32368 | Snake:4  | Offered knowledge of Ignition by Vehumet.
 32376 | Snake:4  | Learned a level 5 spell: Borgnjor's Vile Clutch
 32438 | Snake:4  | Reached skill level 16 in Earth Magic
 32627 | Snake:4  | Found Iczod's Antique Weapon Shoppe.
 32627 | Snake:4  | Found Mylyt's Antique Weapon Emporium.
 32628 | Snake:4  | Found Ygydua's Armour Shoppe.
 32632 | Snake:4  | Bought the +2 shield of Resistance {rF++ rC++ Will++} for
                  | 1410 gold pieces
 32632 | Snake:4  | Found the +2 shield of Resistance {rF++ rC++ Will++}
 32643 | Snake:4  | Found Eloc's Armour Emporium.
 32701 | Snake:4  | Reached XP level 19. HP: 112/112 MP: 30/34
 33385 | Snake:4  | Reached skill level 15 in Conjurations
 34018 | Snake:4  | Got a serpentine rune of Zot
 34176 | Swamp:1  | Entered Level 1 of the Swamp
 34310 | Swamp:1  | Reached skill level 1 in Necromancy
 36546 | Swamp:3  | Reached skill level 17 in Earth Magic
 36546 | Swamp:3  | Reached XP level 20. HP: 120/120 MP: 36/36
 36582 | Swamp:4  | Entered Level 4 of the Swamp
 36974 | Swamp:4  | Reached XP level 21. HP: 118/125 MP: 27/37
 36978 | Swamp:4  | Noticed the 27-headed Lernaean hydra
 37004 | Swamp:4  | Killed the 27-headed Lernaean hydra
 37165 | Swamp:4  | Offered knowledge of Fire Storm by Vehumet.
 37165 | Swamp:4  | Offered knowledge of Shatter by Vehumet.
 37165 | Swamp:4  | Offered knowledge of Maxwell's Capacitive Coupling by
                  | Vehumet.
 37452 | Swamp:4  | Got a decaying rune of Zot
 37708 | Elf:1    | Entered Level 1 of the Elven Halls
 38570 | Elf:1    | Found an ancient bone altar of Kikubaaqudgha.
 38590 | Elf:1    | Paralysed by an air elemental for 1 turns
 38592 | Elf:1    | Paralysed by an air elemental for 1 turns
 38596 | Elf:1    | Paralysed by an air elemental for 1 turns
 38600 | Elf:1    | Paralysed by an air elemental for 1 turns
 39027 | Elf:1    | Reached skill level 18 in Earth Magic
 39268 | Elf:2    | Found Utaivih's Jewellery Shoppe.
 39633 | Elf:2    | Found Vatown's Book Shop.
 39731 | Elf:2    | Found Tuyps's Assorted Antiques.
 39783 | Elf:2    | Found Heag's Armour Boutique.
 39995 | Elf:2    | Found Wofaf's Antique Weapon Emporium.
 40125 | Elf:2    | Found a runed translucent gate.
 40148 | Elf:2    | Found a runed translucent gate.
 40149 | Elf:2    | Found a runed translucent gate.
 41971 | Elf:3    | Entered Level 3 of the Elven Halls
 42092 | Elf:3    | Noticed Zenata
 42099 | Elf:3    | Killed Zenata
 42140 | Elf:3    | Found Adiex's Distillery.
 42256 | Elf:3    | Noticed Norris
 42292 | Elf:3    | Killed Norris
 42293 | Elf:3    | Reached XP level 22. HP: 78/134 MP: 6/38
 42480 | Elf:3    | Found Vayrod's Antique Armour Boutique.
 42497 | Elf:3    | Paralysed by an air elemental for 1 turns
 42560 | Elf:3    | Found Codgh's Magic Scroll Emporium.
 42602 | Elf:3    | Noticed Saint Roka
 42613 | Elf:3    | Killed Saint Roka
 42729 | Elf:3    | Found Becemegi's General Store.
 43226 | Elf:3    | Paralysed by an air elemental for 1 turns
 43264 | Elf:3    | Identified the amulet of Quuh Dot {rPois rC+ RegenMP+}
 43318 | Elf:3    | Identified the amulet "Omiuver" {rC+ Regen+ rCorr Str+2
                  | Int+4}
 43327 | Elf:3    | Identified the staff of Kocuqerch {rElec rC+ Int-2 SInv
                  | Fire Ice}
 43342 | Elf:3    | Got Ydorie's Papyrus of the Inquisitive Stories
 43361 | Elf:3    | Identified the staff "Wogudi" {rC+ rN+ rCorr Stlth+ Necro}
 43449 | Elf:3    | Got the Tome of Forces and Stones
 43492 | Elf:3    | Identified the +8 war axe "Asucety" {flame, rPois rC-
                  | Int+4}
 43493 | Elf:3    | Identified the +7 glaive of Malum In Se {freeze, Str+6}
 43523 | Elf:3    | Identified the +0 chain mail "Quisane" {rElec Regen+}
 43660 | Elf:3    | Noticed Mara
 43672 | Elf:3    | Noticed Autsider's illusion
 43674 | Elf:3    | Killed Mara
 43990 | Elf:2    | Bought a distressingly furry ring mail for 324 gold pieces
 43990 | Elf:2    | Identified the +0 ring mail "Earthly Heaven" {Stlth+} (You
                  | bought it in a shop on level 2 of the Elven Halls)
 44201 | Vaults:1 | Entered Level 1 of the Vaults
 44267 | Vaults:1 | Found Plog's Armour Shoppe.
 44356 | Vaults:1 | Reached skill level 19 in Earth Magic
 45094 | Vaults:1 | Found Feigaduw's Assorted Antiques.
 45898 | Vaults:2 | Reached XP level 23. HP: 142/142 MP: 23/40
 46066 | Vaults:2 | Identified the +1 helmet of Okasokhlu {rC++ Str-3 Int+5}
 46184 | Vaults:2 | Identified the +3 robe of the Hall of Blades {*Corrode
                  | rElec rC+ Int+2}
 46184 | Vaults:2 | Noticed Boris
 46203 | Vaults:2 | Killed Boris
 46518 | Vaults:2 | Found a staircase to the Crypt.
 47019 | Vaults:2 | Found a runed translucent door.
 47019 | Vaults:2 | Noticed Subbak's ghost (adept DsMo)
 47028 | Vaults:2 | Killed Subbak's ghost
 47410 | Vaults:3 | Got An Induction into the Words of Power
 47551 | Vaults:3 | Reached skill level 20 in Earth Magic
 47564 | Vaults:3 | Reached skill level 15 in Fighting
 48438 | Vaults:3 | Learned a level 9 spell: Shatter
 49248 | Vaults:4 | Gained mutation: You are frail. (-10% HP) [mutagenic glow]
 49369 | Vaults:4 | Found Joirey's Armour Shop.
 49536 | Vaults:4 | Reached XP level 24. HP: 136/136 MP: 13/41
 50373 | Vaults:5 | Entered Level 5 of the Vaults
 50437 | Vaults:5 | Identified the orb of Impish New Discoveries {light, Regen+
                  | Str+3 SInv Conj}
 50437 | Vaults:5 | Noticed Frederick
 50457 | Vaults:5 | Killed Frederick
 50547 | Vaults:5 | Identified the ring of Xom's Full Attention {rF+ Will+
                  | MP+9}
 50639 | Vaults:5 | Identified the ring of Caihatz {*Slow MP+9 Str-4 Int+8
                  | Dex+6}
 50810 | Vaults:5 | Noticed a dread lich
 50952 | Vaults:5 | Reached skill level 10 in Staves
 50952 | Vaults:5 | Reached skill level 15 in Summonings
 51306 | Vaults:5 | Killed a dread lich
 51669 | Vaults:5 | Identified the staff "Xugete" {rElec Int+3 Dex+3 Air}
 52003 | Vaults:5 | Identified the staff of Paper {^Contam *Corrode rPois rF++
                  | Summ Alchemy}
 52088 | Vaults:5 | Found Wase's Magic Scroll Shoppe.
 52098 | Vaults:5 | Got a silver rune of Zot
 52254 | Vaults:5 | Identified the +7 shortbow of the Bouncing Souls
                  | {antimagic, Int+4 Stlth+}
 52261 | Vaults:5 | Reached skill level 5 in Translocations
 52392 | Vaults:5 | Reached XP level 25. HP: 144/144 MP: 21/41
 52707 | Vaults:5 | Learned a level 4 spell: Dispel Undead
 52855 | Crypt:1  | Entered Level 1 of the Crypt
 53099 | Crypt:1  | Found a huge runed translucent gate.
 53099 | Crypt:1  | Found a huge runed translucent gate.
 53099 | Crypt:1  | Found a huge runed translucent gate.
 53099 | Crypt:1  | Found a huge runed translucent gate.
 53100 | Crypt:1  | Found a huge runed translucent gate.
 53101 | Crypt:1  | Found a huge runed translucent gate.
 53102 | Crypt:1  | Found a huge runed translucent gate.
 53102 | Crypt:1  | Found a huge runed translucent gate.
 53102 | Crypt:1  | Found a huge runed translucent gate.
 53102 | Crypt:1  | Found a huge runed translucent gate.
 53103 | Crypt:1  | Found a huge runed translucent gate.
 53105 | Crypt:1  | Found a huge runed translucent gate.
 53106 | Crypt:1  | Found a huge runed translucent gate.
 53107 | Crypt:1  | Found a huge runed translucent gate.
 53108 | Crypt:1  | Found a huge runed translucent gate.
 53109 | Crypt:1  | Found a huge runed translucent gate.
 53110 | Crypt:1  | Found a huge runed translucent gate.
 53110 | Crypt:1  | Found a huge runed translucent gate.
 53114 | Crypt:1  | Found a huge runed translucent gate.
 53115 | Crypt:1  | Found a huge runed translucent gate.
 53117 | Crypt:1  | Found a huge runed translucent gate.
 53117 | Crypt:1  | Found a huge runed translucent gate.
 53117 | Crypt:1  | Found a huge runed translucent gate.
 53163 | Crypt:1  | Identified the +2 robe of Autotheism {-Cast Rampage rPois
                  | Dex-4}
 53163 | Crypt:1  | Noticed Boris
 53175 | Crypt:1  | Killed Boris
 53176 | Crypt:1  | Reached skill level 21 in Earth Magic
 53547 | Crypt:1  | Found a huge runed translucent gate.
 53547 | Crypt:1  | Found a huge runed translucent gate.
 53547 | Crypt:1  | Found a huge runed translucent gate.
 53547 | Crypt:1  | Found a huge runed translucent gate.
 53548 | Crypt:1  | Found a huge runed translucent gate.
 53548 | Crypt:1  | Found a huge runed translucent gate.
 53564 | Crypt:1  | Found a huge runed translucent gate.
 53564 | Crypt:1  | Found a huge runed translucent gate.
 53564 | Crypt:1  | Found a huge runed translucent gate.
 53565 | Crypt:1  | Found a huge runed translucent gate.
 53566 | Crypt:1  | Found a huge runed translucent gate.
 53567 | Crypt:1  | Found a huge runed translucent gate.
 53568 | Crypt:1  | Found a huge runed translucent gate.
 54533 | Crypt:1  | Noticed Gith's ghost (veteran MeFi)
 54533 | Crypt:1  | Noticed Xecaleth's ghost (adept GrFi)
 54533 | Crypt:1  | Noticed Gith's ghost (veteran MeFi)
 54533 | Crypt:1  | Noticed Yzeiphu's ghost (adept OpEE)
 54533 | Crypt:1  | Noticed Echoppoj's ghost (veteran VSSu)
 54533 | Crypt:1  | Noticed Datograv's ghost (adept NaAE)
 54533 | Crypt:1  | Noticed Dassydak's ghost (adept GrFi)
 54534 | Crypt:1  | Noticed Laziaso's ghost (adept GrFi)
 54551 | Crypt:1  | Killed Yzeiphu's ghost
 54600 | Crypt:1  | Killed Gith's ghost
 54601 | Crypt:1  | HP: 5/144 [Gith's ghost (16)]
 54891 | Crypt:1  | Killed Dassydak's ghost
 54894 | Crypt:1  | Killed Echoppoj's ghost
 54941 | Crypt:1  | Killed Laziaso's ghost
 54978 | Crypt:1  | Killed Xecaleth's ghost
 54983 | Crypt:1  | Killed Datograv's ghost
 55331 | Crypt:1  | Killed Gith's ghost
 55335 | Crypt:1  | Identified the amulet "Tuelakiegg" {Reflect Rampage SH+5}
 55350 | Crypt:1  | Identified the +2 leather armour of the Eternal Fruit {rF-
                  | rC- rN+ Int+9}
 55800 | Snake:1  | Bought a book of Vapours for 260 gold pieces
 55807 | Snake:1  | Learned a level 5 spell: Freezing Cloud
 55844 | Snake:2  | Bought 2 potions of haste for 600 gold pieces
 55844 | Snake:2  | Bought a potion of magic for 240 gold pieces
 56111 | Vaults:1 | Bought a potion of magic for 320 gold pieces
 56111 | Vaults:1 | Bought a potion of brilliance for 160 gold pieces
 56329 | Elf:3    | Bought dazzling acid dragon scales for 1755 gold pieces
 56329 | Elf:3    | Identified the +2 acid dragon scales "Siolueng" {rCorr
                  | Int+4} (You bought it in a shop on level 3 of the Elven
                  | Halls)
 56546 | Vaults:1 | Bought the +0 pair of gloves of the Cartwright {rF+} for
                  | 203 gold pieces
 56606 | Depths:1 | Entered Level 1 of the Depths
 56643 | D:15     | HP: 6/144 [spark wasp (19)]
 56643 | D:15     | HP: 2/144 [spark wasp (4)]
 56647 | D:15     | Slain by a spark wasp

Illustrated notes

Levels and vault maps discovered:
D:1:      minmay_arrival_semitransparent, layout_loops_ring,
          chequers_serial_rivers_large_b
D:2:      layout_loops_cross, hellmonk_ecumenical_altar_inner_sanctum,
          grunt_ministairs_8, grunt_decor_resistance, lexackson_kobold_supper,
          uniq_jessica
D:3:      layout_loops_cross, ebering_ghost_disaster_area, glass_columns_b
D:4:      layout_loops_ring, mainiacjoe_overflow_brackets, marbit_many_paths,
          uniq_menkaure, uniq_blork_the_orc
D:5:      minmay_recursive_quarters, layout_loops_ring,
          minmay_temple_entry_mini_moons, st_stairs_8, uniq_crazy_yiuf_cottage,
          uniq_sigmund, uniq_ijyb
D:6:      layout_rooms, uniq_grinder
D:7:      minmay_the_grid_square_5x5_3x3 [minmay_the_grid_square_5x5_n_small,
          minmay_the_grid_square_5x5_two_walls_b, minmay_the_grid_square_5x5_z,
          minmay_the_grid_square_5x5_percent,
          minmay_the_grid_square_5x5_megaprize_checkered,
          minmay_the_grid_square_5x5_checkered_sparse,
          minmay_the_grid_square_5x5_three, minmay_the_grid_square_5x5_c,
          minmay_the_grid_square_5x5_tri_point], layout_rooms,
          mainiacjoe_overflow_24_doors, gammafunk_ghost_split, uniq_joseph
D:8:      layout_loops_ring, lemuel_doored_altar, uniq_psyche
D:9:      minmay_inner_zag, layout_grid_maze, david_orc_2, enter_bailey_3
D:10:     layout_loops_ring, nicolae_ru_awakened_eye,
          nemelex_spade_bored_becter, lair_entry_dummy, st_stairs_5,
          nicolae_straight_to_the_point
D:11:     layout_basic, portal_ice_cave_entry_pillars_2,
          onia_ninara_dug_in_and_dangerous
D:12:     layout_rooms, minmay_misc_feat_diagonals, uniq_sonja
D:13:     layout_roguey, minmay_misc_feat_plants,
          minmay_checkered_concentric_circles
D:14:     layout_loops_ring, erik_vaults_2, ebering_ghost_rock_garden,
          nicolae_tricolors, uniq_louise, uniq_frances
D:15:     gammafunk_depths_entry_grave, layout_loops_corners, nicolae_titane
Temple:   lightli_temple_of_artemis
Lair:1:   layout_chaotic_city, nicolae_lair_grove_arrangements,
          nicolae_quartered_pool_super, infiniplex_staircase_pool,
          serial_bayou_shore_b, grunt_megastairs_2, serial_bayou_shore_b
Lair:2:   layout_cave_pods, gauntlet_entry_generic, serial_bayou_crossing
Lair:3:   layout_big_grid, minmay_swamp_entry_worms, dummy_snake_entry,
          serial_bayou_shore_b, serial_bayou_shore_b
Lair:4:   layout_regular_city, nicolae_slime_entry_slimehenge,
          kilobyte_rumbling_trees, serial_bayou_shore_a, uniq_urug
Lair:5:   hangedman_lair_in_review, layout_misc_corridors,
          guppyfry_lair_end_dragon
Swamp:1:  layout_basic_swamp, evilmike_swamp_ruin_house_4, swamp_pool_1_2
Swamp:2:  layout_falls_marsh, evilmike_swamp_ruin_house_5
Swamp:3:  layout_basic_swamp, nicolae_swamp_oxbows, swamp_pool_1_2,
          st_swamp_mini
Swamp:4:  swamp_old_school, layout_basic_swamp, infiniplex_staircase_pool_2
Snake:1:  layout_gridlike, hellmonk_ghost_happy_afterlife, grunt_megastairs_5,
          minmay_shop_grove, uniq_donald, uniq_aizul
Snake:2:  kennysheep_six_static_rooms, layout_concentric_octagons, serial_shops,
          shop, nicolae_snake_gridmaze_spiral, nicolae_elevator_lobby_asterisk
Snake:3:  layout_onion_interference, nicolae_snake_single_loop, uniq_vashnia
Snake:4:  hellmonk_snake_rune_quicksilver_temple, layout_layer_cave,
          minmay_shoptagon
Orc:1:    layout_diamond_mine, serial_shops, nicolae_shop_drivethru,
          special_room [special_room_orc], mines2_david
Orc:2:    grunt_orc_community_town_hall, layout_diamond_mine,
          grunt_orc_community_big_house_1, grunt_orc_community_big_house_2,
          grunt_orc_community_house_2, grunt_orc_community_house_1,
          grunt_orc_community_house_3, grunt_orc_community_house_3, mines1_david
Elf:1:    nicolae_elf_arrival_fired_up, layout_gridlike, basic_altar,
          evilmike_minifort, roderic_lattice_octagonal_star
Elf:2:    elven_hall_of_blades_hangedman_original [nicolae_blade_tridents],
          layout_geoelf_grid, serial_shops, shop, nicolae_shop_mannequins, shop,
          nicolae_shop_gibbet_a_chance, nicolae_shop_pleasant_corner_grove
Elf:3:    minmay_elf_hall_furrowed, layout_loops_corners, serial_shops,
          nicolae_diamond_shop, nicolae_shop_trees, shop, shop_statue,
          grunt_ministairs_15, lemuel_flamethrower_3, uniq_norris, uniq_mara,
          uniq_zenata, uniq_saint_roka
Vaults:1: vaults_standard_mumra_enter_the_diamond, v_misc_27,
          vaults_room_corners, nicolae_vaults_taking_the_gang_shopping,
          lemuel_ogre_cave, v_misc_16, hangedman_vaults_variations,
          nicolae_vaults_asterisk, nicolae_vaults_storage_closets_2,
          nicolae_vaults_little_squares_5, layout_vaults_omnibox, serial_shops,
          shop
Vaults:2: ebering_ghost_inner_flame, vaults_room_octagon,
          nicolae_vaults_octothorpe, vaults_room_semicircle,
          minmay_crypt_entry_nasty_monster, nicolae_vaults_weapon_check,
          nicolae_vaults_more_shelving_1, hangedman_vaults_cutoff,
          vaults_room_hallway, nicolae_vaults_tetromino_T_1,
          layout_vaults_omnigrid, uniq_boris
Vaults:3: nicolae_vaults_trapezoid_3, nicolae_vaults_more_shelving_2,
          hangedman_vaults_stretched_pinwheel, nicolae_vaults_little_squares_1,
          nicolae_vaults_trapezoid_lopsided_3, nicolae_vaults_shelves_hall,
          nicolae_vaults_meiosis, vaults_room_grunt_arrival_ludios,
          nicolae_vaults_angled_halls, vaults_dpeg_spiral,
          nicolae_vaults_tetromino_L_2, serial_ice_b, layout_vaults_big_cross
Vaults:4: nicolae_vaults_circle_grid_b, nicolae_vaults_trapezoid_layered,
          nicolae_vaults_alarming, nicolae_vaults_little_squares_1,
          nicolae_vaults_rhombus_7, hangedman_vaults_pinch,
          nicolae_vaults_network_s, nicolae_vaults_offset_grid_hallway_1,
          nicolae_vaults_network_periphery, v_rooms_3, hangedman_vaults_slither,
          vaults_room_pools, vaults_dpeg_hooks,
          nicolae_vaults_variable_pillar_hall_cross,
          nicolae_vaults_tetromino_T_1, nicolae_vaults_double_plus_3,
          layout_vaults_maze_snakey, serial_shops, nicolae_shop_back_alley_shop
Vaults:5: uniq_frederick
Crypt:1:  layout_catacombs, gammafunk_ghost_door_vault
Depths:1: dreamdust_experimentation, layout_cave_pools,
          grunt_hell_entry_dis_grunt, hangedman_abyss_entry_splay,
          chequers_serial_rivers_marsh, roderic_roman_lattice, pandoras_box_mu

Skill      XL: |  1  2  3  4  5  6  7  8  9 10 11 12 13 14 15 16 17 18 19 20 21 22 23 24 25 |
---------------+----------------------------------------------------------------------------+-----
Earth Magic    | 4 5 6 7 9 13 14 16 17 18 19 20 21 | 21.2
Fighting       | 1 2 3 4 5 8 9 10 11 12 14 16 17 | 17.4
Conjurations   | 2 3 4 7 8 9 10 11 12 14 16 17 18 19 | 19.2
Spellcasting   | 3 4 5 7 8 9 10 11 12 13 14 | 14.0
Armour         | 4 7 8 10 | 10.0
Dodging        | 3 5 6 7 9 |  9.0
Shields        | 4 6 8 10 11 12 14 | 14.0
Summonings     | 7 8 9 10 11 14 15 | 15.9
Stealth        | 4 |  4.0
Translocations | 4 5 6 |  6.8
Alchemy        | 4 |  4.0
Evocations     | 3 5 |  5.0
Air Magic      | 2 4 |  4.0
Staves         | 8 9 10 | 10.6
Necromancy     | 4 |  4.4

Action                     |  1- 3 |  4- 6 |  7- 9 | 10-12 | 13-15 | 16-18 | 19-21 | 22-24 | 25-27 || total
---------------------------+-------+-------+-------+-------+-------+-------+-------+-------+-------++-------
  Melee: Unarmed           |    20 |       |       |       |       |       |       |       |       ||    20
         Club              |     1 |       |       |       |       |       |       |       |       ||     1
         Staff             |       |       |     9 |    21 |    73 |    47 |       |    56 |   170 ||   376
         Bo                |       |       |       |       |       |    39 |    72 |   161 |       ||   272
   Cast: Sandblast         |    61 |    70 |    76 |   209 |   264 |   694 |    91 |    14 |     1 ||  1480
         Stone Arrow       |       |     3 |       |    15 |   140 |    48 |    60 |    12 |     1 ||   279
         Brom's Barrelling |       |       |     4 |     9 |    44 |     9 |       |       |       ||    66
         Leda's Liquefacti |       |       |       |       |    19 |    44 |    32 |    45 |     3 ||   143
         Arcjolt           |       |       |       |       |    23 |   117 |       |       |       ||   140
         Bombard           |       |       |       |       |    11 |   100 |   183 |   240 |    21 ||   555
         Spellforged Servi |       |       |       |       |       |    59 |    41 |    69 |    18 ||   187
         Lee's Rapid Decon |       |       |       |       |       |    14 |    49 |   147 |    16 ||   226
         Borgnjor's Vile C |       |       |       |       |       |     8 |   109 |   116 |    20 ||   253
         Shatter           |       |       |       |       |       |       |       |    16 |     1 ||    17
         Lehudib's Crystal |       |       |       |       |       |       |       |     2 |       ||     2
         Dispel Undead     |       |       |       |       |       |       |       |       |    74 ||    74
         Freezing Cloud    |       |       |       |       |       |       |       |       |     2 ||     2
  Evoke: Wand              |       |       |       |       |       |       |     2 |       |       ||     2
    Use: Scroll            |       |       |    10 |     4 |     5 |    12 |     2 |     7 |     5 ||    45
         Potion            |       |       |     1 |     3 |     2 |     3 |     3 |    10 |    12 ||    34
   Stab: Sleeping          |       |       |       |       |     1 |       |       |       |       ||     1
         Distracted        |       |       |       |       |       |       |       |     2 |       ||     2
 Armour: Robe              |    33 |    12 |    19 |     5 |       |       |       |       |       ||    69
         Ring mail         |       |       |       |   136 |   285 |   828 |   306 |   364 |   327 ||  2246
  Dodge: Dodged            |    22 |    11 |    38 |   108 |   160 |   479 |   140 |   182 |   114 ||  1254
  Block: Kite shield       |       |       |       |       |   100 |   615 |   247 |   310 |   243 ||  1515

Table legend: (Time is in decaauts)
 A = Elapsed time spent in this place.
 B = Non-inter-level travel time spent in this place.
 C = Inter-level travel time spent in this place.
 D = Time resting spent in this place.
 E = Time spent auto-exploring this place.
 F = Levels seen in this place.
 G = Mean time per level.
                   A        B        C        D        E       F      G
               +--------+--------+--------+--------+--------+-----+--------+
         Total |  58008 |  52809 |   5199 |   4473 |  36909 |  44 | 1318.4 |
       Dungeon |  19611 |  17627 |   1984 |   1176 |  13069 |  15 | 1307.4 |
        Temple |     40 |      1 |     39 |      0 |      0 |   1 |   40.0 |
          Lair |   6793 |   5791 |   1002 |      0 |   4658 |   5 | 1358.6 |
         Swamp |   3457 |   3247 |    210 |     96 |   2529 |   4 |  864.2 |
     Snake Pit |   5868 |   5514 |    354 |    541 |   3883 |   4 | 1467.0 |
  Orcish Mines |   2360 |   2030 |    330 |    179 |   1369 |   2 | 1180.0 |
   Elven Halls |   5809 |   5267 |    542 |    733 |   3442 |   3 | 1936.3 |
        Vaults |   9064 |   8450 |    614 |    713 |   5527 |   5 | 1812.8 |
         Crypt |   2538 |   2418 |    120 |    726 |   1215 |   1 | 2538.0 |
        Depths |     21 |     21 |      0 |      0 |      0 |   1 |   21.0 |
        Bailey |    741 |    741 |      0 |    121 |    399 |   1 |  741.0 |
      Ice Cave |   1013 |   1013 |      0 |    157 |    392 |   1 | 1013.0 |
      Gauntlet |    688 |    688 |      0 |     30 |    423 |   1 |  688.0 |
               +--------+--------+--------+--------+--------+-----+--------+

Top non-repeatable levels by time:
    D:11: 2827 daAuts
 Crypt:1: 2538 daAuts
Vaults:5: 2368 daAuts
   Elf:3: 2088 daAuts
Vaults:2: 2029 daAuts
   Elf:2: 2013 daAuts
 Snake:4: 1922 daAuts
    D:13: 1727 daAuts
   Elf:1: 1707 daAuts
  Lair:5: 1670 daAuts
Vaults:4: 1650 daAuts
   Orc:2: 1623 daAuts
Vaults:1: 1546 daAuts
    D:14: 1490 daAuts
  Lair:2: 1475 daAuts
